 Dungeon Crawl Stone Soup version 0.21.0 (webtiles) character file.

219 mortelune the Firebug (level 5, 0/38 HPs)
             Began as a Draconian Fire Elementalist on Jan 6, 2018.
             Slain by a worker ant (6 damage)
             ... on level 4 of the Dungeon.
             The game lasted 00:12:48 (5490 turns).

mortelune the Firebug (Draconian Fire Elementalist) Turns: 5490, Time: 00:12:49

Health: 0/38       AC:  5    Str:  9 (11) XL:     5   Next: 63%
Magic:  1/9        EV: 12    Int: 15 (16) God:
Gold:   87         SH:  0    Dex: 10 (11) Spells: 4/10 levels left

rFire    . . .     SeeInvis .   g - +0 trident
rCold    . . .     Gourm    .   (no shield)
rNeg     . . .     Faith    .   (armour unavailable)
rPois    .         Spirit   .   e - +0 hat
rElec    .         Reflect  .   (no cloak)
rCorr    .         Harm     .   (no gloves)
MR       .....                  (no boots)
Stlth    ++........             (no amulet)
HPRegen  0.12/turn              (no ring)
MPRegen  0.11/turn              (no ring)

@: no status effects
A: unfitting armour, cold-blooded, AC +5
a: no special abilities


You were on level 4 of the Dungeon.
You were not hungry.

You visited 1 branch of the dungeon, and saw 4 of its levels.

You collected 87 gold pieces.

Inventory:

Hand Weapons
 d - a +0 club
 g - a +0 trident (weapon)
 p - a +0 scimitar
Armour
 e - a +0 hat (worn)
Magical Staves
 c - an uncursed staff of poison
Jewellery
 i - an uncursed amulet of faith {unknown}
 o - a cursed -4 ring of evasion {unknown}
Scrolls
 f - a scroll of fear
 h - 2 scrolls of teleportation
 j - a scroll of identify
 k - a scroll of enchant armour
 m - a scroll of amnesia {unknown}
Potions
 l - a potion of brilliance {unknown}
Books
 a - a book of Flames

   Spells                             Type                      Level
   a - Flame Tongue                   Conjuration/Fire             1
   b - Throw Flame                    Conjuration/Fire             2
   c - Conjure Flame                  Conjuration/Fire             3
   d - Inner Flame                    Hexes/Fire                   3
   e - Sticky Flame                   Conjuration/Fire             4
   f - Fireball                       Conjuration/Fire             5
 n - a book of Maledictions

   Spells                             Type                      Level
   a - Corona                         Hexes                        1
   b - Ensorcelled Hibernation        Hexes/Ice                    2
   c - Confuse                        Hexes                        3
   d - Tukima's Dance                 Hexes                        3
   e - Dazzling Spray                 Conjuration/Hexes            3
 q - a book of Cantrips

   Spells                             Type                      Level
   a - Confusing Touch                Hexes                        1
   b - Animate Skeleton               Necromancy                   1
   c - Summon Small Mammal            Summoning                    1
   d - Apportation                    Translocation                1
Comestibles
 b - 6 rations


   Skills:
 - Level 1.7 Dodging
 - Level 1.7 Stealth
 + Level 3.1 Spellcasting
 * Level 4.0 Conjurations
 + Level 4.1 Fire Magic


You had 4 spell levels left.
You knew the following spells:

 Your Spells              Type           Power        Failure   Level  Hunger
a - Flame Tongue          Conj/Fire      ##...        3%          1    #......
b - Throw Flame           Conj/Fire      ##....       5%          2    ##.....
c - Conjure Flame         Conj/Fire      ##......     11%         3    ###....


Dungeon Overview and Level Annotations

Branches:
Dungeon (4/15)
 Temple: D:4-7

Altars:
Yredelemnul

Annotations:
D:2 1 runed door
D:3 Sigmund


Innate Abilities, Weirdness & Mutations

Your plain brown scales are hard. (AC +5)
You cannot fit into any form of body armour.
You are cold-blooded and may be slowed by cold attacks.


Message History

Press: ? - help, Shift-Dir - straight line, f/p - phantom
Aim: a phantom (almost destroyed)
The flame tongue hits the phantom.
The phantom is almost destroyed.
The phantom blinks!
The worker ant closely misses you.
The phantom blinks!
The worker ant bites you.
The worker ant waves its antennae.
The phantom hits you.
You miss the phantom.
The phantom is almost destroyed.
The worker ant barely misses you. The phantom barely misses you.
The worker ant bites you!
* * * LOW HITPOINT WARNING * * *
You completely miss the phantom.
The phantom is almost destroyed.
The phantom hits you.
* * * LOW HITPOINT WARNING * * *
The worker ant bites you.
You die...

########### ..........#
..........##############
.......W..##...........#
.......@...†............ ...
........a..##............
...#####..........$##............
.......#.........................
.......#.......................[.
...............####..............
..>.........................#....
#...............####........... .
#.$...............§............


You could see a phantom and a worker ant.

Vanquished Creatures
  2 orc wizards
  Jessica (D:2)
  5 adders (D:2)
  An adder skeleton (D:4)
  2 worms
  2 dart slugs
  3 leopard geckos
  8 orcs
  5 bats
  A giant cockroach (D:1)
  10 goblins
  9 hobgoblins
  4 jackals
  3 quokkas
  2 ball pythons
  4 frilled lizards (D:2)
  A kobold (D:1)
  A quokka skeleton (D:4)
  5 rats
69 creatures vanquished.

Notes
Turn   | Place    | Note
-------+----------+-------------------------------------------
     0 | D:1      | mortelune the Draconian Fire Elementalist began the quest for the Orb.
     0 | D:1      | Reached XP level 1. HP: 14/14 MP: 3/3
   580 | D:1      | Reached XP level 2. HP: 10/20 MP: 0/5
   742 | D:1      | Learned a level 2 spell: Throw Flame
  2428 | D:2      | Reached XP level 3. HP: 26/26 MP: 1/6
  2481 | D:2      | Learned a level 3 spell: Conjure Flame
  2945 | D:2      | Noticed Jessica
  2950 | D:2      | Killed Jessica
  2950 | D:2      | Reached XP level 4. HP: 33/33 MP: 2/7
  3477 | D:2      | Found a faded altar of an unknown god.
  3786 | D:2      | Found a runed door.
  4299 | D:2      | Reached XP level 5. HP: 29/38 MP: 0/9
  4655 | D:3      | Found a basalt altar of Yredelemnul.
  4666 | D:3      | Noticed Sigmund
  5329 | D:4      | Noticed a phantom
  5490 | D:4      | Slain by a worker ant

Skill      XL: |  1  2  3  4  5 |
---------------+----------------+-----
Conjurations   | 2 3 4 |  4.0
Spellcasting   | 3 |  3.1
Fire Magic     | 4 |  4.1
Dodging        | |  1.7
Stealth        | |  1.7

Action                   |  1- 3 |  4- 6 || total
-------------------------+-------+-------++-------
Melee: Club              |    13 |       ||    13
       Tailslap          |     2 |     2 ||     4
       Scimitar          |     1 |     5 ||     6
       Trident           |       |    17 ||    17
 Cast: Flame Tongue      |    55 |   103 ||   158
       Throw Flame       |     5 |     5 ||    10
       Conjure Flame     |       |     1 ||     1
  Use: Potion            |       |     6 ||     6
       Scroll            |       |     3 ||     3
  Eat: Chunk             |     7 |     7 ||    14
       Ration            |       |     1 ||     1
Armor: Skin              |    11 |    23 ||    34
Dodge: Dodged            |    31 |    67 ||    98
       Rpst.: Scimitar   |     4 |     7 ||    11
